 Dungeon Crawl Stone Soup version 0.25-a0-578-gc91f01c39c (webtiles) character file.

Game seed: 135489559562904774, levelgen mode: deterministic

81 An17 the Insei (level 4, -13/23 HPs)
             Began as a Vine Stalker Transmuter on Mar 4, 2020.
             Mangled by a goblin
             ... wielding a +2 dagger of electrocution
             ... led by Robin
              (15 damage)
             ... on level 2 of the Dungeon.
             The game lasted 00:06:23 (1411 turns).

An17 the Insei (Vine Stalker Transmuter)            Turns: 1411, Time: 00:06:23

Health: -13/23     AC:  4    Str: 13    XL:     4   Next: 40%
Magic:  0/9        EV: 12    Int: 14    God:
Gold:   92         SH:  0    Dex: 14    Spells: 2/8 levels left

rFire    . . .     SeeInvis .     - Unarmed
rCold    . . .     Gourm    .   (no shield)
rNeg     . . .     Faith    .   e - +0 leather armour
rPois    .         Spirit   +   h - +0 helmet
rElec    .         Reflect  .   (no cloak)
rCorr    .         Harm     .   (no gloves)
MR       .....                  (boots currently unavailable)
Stlth    +.........             (no amulet)
HPRegen  0.47/turn              (no ring)
MPRegen  0.11/turn              (no ring)

@: appendage (expiring), stab
A: fangs 2, talons 3, regeneration 1, magic shield, antimagic bite, no potion
heal 3, rot immunity
a: End Transformation


You were on level 2 of the Dungeon.
You were not hungry.
You had grown temporary talons.
You visited 1 branch of the dungeon, and saw 2 of its levels.

You collected 92 gold pieces.

Inventory:

Missiles
 a - 48 arrows
 f - 24 poisoned darts (quivered)
Armour
 b - a +0 robe
 e - a +0 leather armour (worn)
 g - a +0 scale mail
 h - a +0 helmet (worn)
Scrolls
 c - 2 scrolls of remove curse
Potions
 i - a potion of curing
Comestibles
 d - 3 rations


   Skills:
 + Level 1.7 Fighting
 + Level 2.1 Dodging
 + Level 3.5 Unarmed Combat
 + Level 2.8 Spellcasting
 + Level 2.6 Transmutations


You had 2 spell levels left.
You knew the following spells:

 Your Spells              Type           Power        Failure   Level  Hunger
a - Beastly Appendage     Tmut           #.....       10%         1    #......
b - Sticks to Snakes      Tmut           #.......     14%         2    ###....
c - Spider Form           Tmut/Pois      #.........   43%         3    ###....

Your spell library contained the following spells:

 Spells                   Type           Power        Failure   Level  Hunger
 Ice Form                 Ice/Tmut       #.......     85%         4    #####..
 Blade Hands              Tmut           #.........   95%         5    ######.


Dungeon Overview and Level Annotations

Branches:
Dungeon (2/15)

Altars:


Innate Abilities, Weirdness & Mutations

You have extremely sharp teeth.
Your natural rate of healing is unusually fast.
When hurt, damage is shared between your health and your magic reserves.
Your bite disrupts and absorbs the magic of your enemies.
Potions cannot restore your health.
You are immune to rotting.
You have claws for feet.


Message History

The goblin hits you with a +0 dagger. The goblin completely misses you.
The hobgoblin misses you.
Okay, then.
It was a potion of curing.
That felt strangely inert.
The hobgoblin closely misses you. The hobgoblin completely misses you.
The goblin barely misses you. The hobgoblin hits you. The goblin hits you.
The goblin hits you with a +0 dagger. The goblin hits you but does no damage.
The hobgoblin hits you.
It was a potion of stabbing.
You feel ready to backstab.
Your transformation is almost over.
The hobgoblin hits you with a cursed -3 club.
* * * LOW HITPOINT WARNING * * *
The hobgoblin hits you but does no damage.
The goblin barely misses you. The hobgoblin hits you.
* * * LOW HITPOINT WARNING * * *
The goblin barely misses you. The goblin hits you with a +0 dagger.
* * * LOW HITPOINT WARNING * * *
The goblin hits you but does no damage.
You are electrocuted!!
Ouch! That really hurt!
You die...

. ................# #
####...........## #
###......>...##
#..[........##
.............#
..#..........#####
###.........g....##
#........ggg....##
####........g@gg....#
.......†....ggg.....#
####...†[...........###
####....................
........................
##.>....................
...##...††..<...........
####...........)........
.....#############.....


You could see 5 hobgoblins and 5 goblins.

Vanquished Creatures
  Robin (D:2)
  An adder (D:2)
  An ooze (D:1)
  A worm (D:2)
  4 dart slugs (D:1)
  A leopard gecko (D:2)
  9 bats
  2 giant cockroaches
  4 goblins (D:1)
  7 hobgoblins
  2 jackals (D:2)
  3 frilled lizards (D:1)
  4 kobolds (D:1)
  7 rats
47 creatures vanquished.

Notes
Turn   | Place    | Note
-------+----------+-------------------------------------------
     0 | D:1      | An17 the Vine Stalker Transmuter began the quest for the
                  | Orb.
     0 | D:1      | Reached XP level 1. HP: 9/9 MP: 4/4
    35 | D:1      | Reached skill level 1 in Fighting
    82 | D:1      | Reached XP level 2. HP: 14/14 MP: 6/6
   191 | D:1      | Learned a level 2 spell: Sticks to Snakes
   424 | D:1      | Reached XP level 3. HP: 5/18 MP: 5/7
   806 | D:1      | Learned a level 3 spell: Spider Form
  1299 | D:2      | Noticed Robin
  1314 | D:1      | Gained mutation: Your natural rate of healing is unusually
                  | fast. [Vine Stalker growth]
  1314 | D:1      | Reached XP level 4. HP: 16/22 MP: 6/9
  1409 | D:2      | Killed Robin
  1411 | D:2      | Mangled by a goblin

Levels and vault maps discovered:
D:1:      onia_arrival_mini_spirals, layout_basic
D:2:      layout_rooms, gammafunk_temple_overflow_wave, uniq_robin

Skill      XL: |  1  2  3 |
---------------+----------+-----
Fighting       | 1 |  1.7
Dodging        | 2 |  2.1
Unarmed Combat | |  3.5
Spellcasting   | |  2.8
Transmutations | |  2.6

Action                   |  1- 3 |  4- 6 || total
-------------------------+-------+-------++-------
Melee: Unarmed           |   130 |    27 ||   157
       Bite              |    28 |     7 ||    35
       Kick              |    10 |     5 ||    15
       Headbutt          |     2 |       ||     2
       Punch             |     1 |     1 ||     2
 Cast: Beastly Appendage |    18 |     2 ||    20
  Use: Scroll            |     4 |       ||     4
       Potion            |       |     2 ||     2
 Stab: Sleeping          |     2 |       ||     2
  Eat: Ration            |     1 |       ||     1
Armor: Robe              |    14 |       ||    14
       Leather armour    |    28 |    16 ||    44
Dodge: Dodged            |    87 |    33 ||   120

Table legend:
 A = Non-vault XP
 B = Vault XP
 C = Vault XP percentage of total XP
 D = Non-vault monster count
 E = Vault monster count
 F = Vault count percentage of total count
                 A         B        C        D         E       F
            +---------+---------+-------+---------+---------+-------
      Total |      99 |      17 |  14.7 |      45 |       2 |   4.3
            +---------+---------+-------+---------+---------+-------
        D:1 |      68 |       2 |   2.9 |      36 |       1 |   2.7
        D:2 |      31 |      15 |  32.6 |       9 |       1 |  10.0
            +---------+---------+-------+---------+---------+-------
